cohdb
Replays
Latest Replays
All Replays
Popular Replays
Top Player Replays
Match Explorer
How It Works
Community
CoH3 Stats
Reddit
Sign in to upload your games and track your stats! →
Sign in with Steam
Match 44764533
Unlisted
Match 44764533
Overview
Messages
Build Orders
End
Construct Infanterie Kompanie
Pioneer Squad
Grenadier Squad
Grenadier Squad
GrW 34 Mortar Team
MG 42 Machine Gun Team
Construct Luftwaffe Kompanie
221 Scout Car
Jäger Squad
Support Elements
Selects Luftwaffe Battlegroup
Selects Luftwaffe Pioneer Support
Selects Stuka Strafing Run
Stuka Strafing Run
Wirbelwind Flakpanzer
Selects Fallschirmjäger Squad Paradrop
Fallschirmjäger Squad Paradrop
Luftwaffe Officer Quarters
Marder III M Tank Destroyer
Stuka Strafing Run
ShiningRay
vio
No.69
中立生物
torn7538
MOMO
lplp4943718
jezreelpaguirigan
0
0
Comments
sign in to comment!
No comments posted yet!